 Dungeon Crawl Stone Soup version 0.17-a0-1793-gcbb3aa1 (webtiles) character file.

6994 wvc the Basher (level 11, -2/123 HPs)
             Began as an Ogre Chaos Knight on Sept 9, 2015.
             Slain by an orc warrior
             ... wielding a +0 long sword
              (23 damage)
             ... on level 9 of the Dungeon.
             The game lasted 00:33:38 (9026 turns).

wvc the Basher (Ogre Chaos Knight)                  Turns: 9026, Time: 00:33:38

Health: -2/123     AC:  7    Str: 20    XL:     11   Next: 8%
Magic:  11/11      EV: 13    Int:  7    God:    Xom [...*..]
Gold:   10         SH:  0    Dex: 14    Spells: 0 memorised, 10 levels left

rFire  + . .     SeeInvis .     a - +3 mace (chaos)
rCold  . . .     Clarity  .     I - +2 robe {rF+}
rNeg   . . .     SustAt   .     (no shield)
rPois  +         Gourm    .     (helmet restricted)
rElec  .         Spirit   .     m - +1 cloak
rCorr  .         Warding  .     (gloves unavailable)
rMut   .         Stasis   .     (boots unavailable)
MR     +....                    z - amulet of regeneration
Stlth  +.........               v - ring of poison resistance
                                r - +3 ring of strength

@: somewhat resistant to hostile enchantments, very unstealthy
A: unfitting armour, agile 1, dopey 2, mutation resistance 1, regeneration 1,
tough skin 1, weak 1
a: Renounce Religion


You were on level 9 of the Dungeon.
You worshipped Xom.
You were a favourite toy of Xom.
You were not hungry.

You visited 1 branch of the dungeon, and saw 9 of its levels.

You collected 469 gold pieces.
You spent 459 gold pieces at shops.

Inventory:

Hand weapons
 a - a +3 mace of chaos (weapon)
 f - a +0 giant spiked club
 h - a +2 demon blade of pain
Missiles
 E - 6 large rocks (quivered)
Armour
 m - a +1 cloak (worn)
 I - a +2 robe of fire resistance (worn)
Jewellery
 e - an uncursed ring of protection from magic
 i - the ring of Methy {+Inv rF- rN+ Int+6}
   (You found it on level 4 of the Dungeon)

   [ring of invisibility]

   It affects your intelligence (+6).
   It makes you vulnerable to fire.
   It protects you from negative energy.
   It lets you turn invisible.
 j - an uncursed ring of positive energy
 r - a +3 ring of strength (left hand)
 u - an uncursed ring of see invisible
 v - a ring of poison resistance (right hand)
 z - an amulet of regeneration (around neck)
 C - an uncursed ring of wizardry {unknown}
Magical devices
 p - a wand of random effects (23)
 q - a wand of fire (5)
 t - a wand of paralysis (8)
 y - a wand of lightning (9)
 F - a wand of enslavement (10)
 G - a wand of flame (37)
 K - a wand of lightning (3)
Scrolls
 b - a scroll of teleportation
 x - a scroll of magic mapping
 D - a scroll of recharging
 H - a scroll of blinking
 J - a scroll of immolation
 M - a scroll of remove curse
Potions
 g - a potion of resistance
 k - 2 potions of lignification
 l - a potion of agility {unknown}
 n - 2 potions of poison {unknown}
 o - a potion of flight {unknown}
 s - 2 potions of invisibility
 w - 3 potions of curing
 A - 2 potions of heal wounds {unknown}
 B - a potion of might {unknown}
Comestibles
 c - 3 bread rations
 d - 9 royal jellies


   Skills:
 * Level 12.3 Fighting
 + Level 14.7 Maces & Flails
 + Level 1.2 Throwing
 + Level 7.3 Dodging
 + Level 0.1 Evocations


You had 10 spell levels left.
You didn't know any spells.

Dungeon Overview and Level Annotations

Branches:
Dungeon (9/15)             Temple (0/1) D:6
   Lair: D:8-11         Orc: D:9-12

Altars:
Dithmenos
Fedhas
Makhleb
Nemelex Xobeh
Ru
Sif Muna
Zin

Shops:
D:4 **=


Innate Abilities, Weirdness & Mutations

You are too large for most types of armour.
You have tough skin (AC +1).
You are agile. (Dex +2)
You are very dopey. (Int -4)
You are somewhat resistant to further mutation.
Your natural rate of healing is unusually fast.
You are weak. (Str -2)


Message History

You hit the orc warrior but do no damage.
The orc warrior is lightly wounded.
The orc warrior hits you with a long sword!!
You hear a shout! x2
You hit the orc warrior.
The orc warrior flickers and vanishes!
Deactivating autopickup; reactivate with Ctrl-A.
Something hits you.
No target in view!
Something hits you!!
You hear a bellow!
All of the chunks of flesh in your inventory have rotted away.
You hear a bellow!
Something barely misses you.
You hear a shout!
You hear a shout!
Something hits you!!
* * * LOW HITPOINT WARNING * * *
Something hits you!!
You die...
Xom yawns loudly!

... ..# .......
..Y.#..###
.......#.###########
....Y..#.......{@..#
.......#.#########.#
#......#†# #.#
#.....# #.# ##.####
#.# ##+##### #.#
###......# #.#
......o.# #.#
#.......# #.#


There were no monsters in sight!

Vanquished Creatures
  Erolcha (D:9)
  A queen bee (D:8)
  A two-headed ogre (D:8)
  2 yaks (D:9)
  A hungry ghost (D:9)
  A steam dragon (D:8)
  2 mottled dragons
  7 soldier ants (D:8)
  An orc warrior (D:8)
  2 black bears (D:7)
  A necrophage (D:9)
  3 ogres
  2 phantoms
  A big kobold (D:5)
  A centaur (D:6)
  3 giant frogs
  15 killer bees (D:8)
  A wyvern skeleton (D:9)
  A water moccasin skeleton (D:8)
  5 scorpions
  4 wights (D:7)
  4 crimson imps
  3 orc priests
  2 hounds
  A jelly (D:5)
  2 orc wizards
  A giant frog zombie (D:8)
  A wasp zombie (D:7)
  A giant frog skeleton (D:4)
  4 iguanas
  18 worker ants
  A killer bee zombie (D:6)
  2 hound skeletons
  6 gnolls
  Robin (D:2)
  7 adders
  4 river rats (D:7)
  A shadow imp (D:8)
  3 oozes
  A worm (D:4)
  2 adder zombies (D:7)
  4 giant geckos
  25 orcs
  A ball python (D:3)
  16 bats
  6 giant cockroaches
  8 hobgoblins
  11 jackals
  5 quokkas
  A giant gecko zombie (D:8)
  6 giant newts
  14 goblins
  7 kobolds
  A quokka zombie (D:8)
  6 rats
232 creatures vanquished.

Vanquished Creatures (collateral kills)
  An orc warrior (D:3)
  A killer bee (D:8)
  An orc (D:8)
3 creatures vanquished.

Vanquished Creatures (others)
  A queen ant (D:8)
  A phantom (D:4)
  An adder (D:4)
  3 fungi (D:4)
  A plant (D:7)
7 creatures vanquished.

Grand Total: 242 creatures vanquished

Notes
Turn   | Place    | Note
--------------------------------------------------------------
     0 | D:1      | wvc the Ogre Chaos Knight began the quest for the Orb.
     0 | D:1      | Reached XP level 1. HP: 24/24 MP: 1/1
    12 | D:1      | Noticed a jelly
    12 | D:1      | a hobgoblin changed into a jelly
    13 | D:1      | Noticed a scorpion
    13 | D:1      | a jelly changed into a scorpion
    15 | D:1      | Killed a scorpion
    15 | D:1      | Reached skill level 6 in Maces & Flails
    15 | D:1      | Reached XP level 2. HP: 20/32 MP: 2/2
    15 | D:1      | Reached XP level 3. HP: 24/39 MP: 3/3
   136 | D:1      | Reached XP level 4. HP: 48/48 MP: 4/4
   172 | D:1      | XOM: divination: magic mapping
   857 | D:1      | XOM: harmless Chrm miscast
   860 | D:1      | XOM: mild Divn miscast
   941 | D:2      | XOM: medium Summ miscast
   942 | D:2      | Noticed a small abomination
  1215 | D:2      | Found a burning altar of Makhleb.
  1218 | D:2      | Found a glowing silver altar of Zin.
  1218 | D:2      | Noticed an angel
  1220 | D:2      | Noticed a blizzard demon
  1335 | D:2      | Noticed Robin
  1343 | D:2      | Reached skill level 7 in Maces & Flails
  1347 | D:2      | Killed Robin
  1362 | D:2      | Got a heavily runed helmet
  1466 | D:2      | Reached XP level 5. HP: 50/54 MP: 5/5
  1499 | D:2      | Identified the +1 helmet of Uvanliv {rF+ MR+} (You took it off Robin on level 2 of the Dungeon)
  1561 | D:2      | XOM: noise
  1773 | D:2      | XOM: summons 1 hostile demon
  1882 | D:3      | Found a sparkling altar of Nemelex Xobeh.
  2015 | D:3      | XOM: blink monster(s)
  2187 | D:3      | Noticed an orc warrior
  2193 | D:3      | XOM: butterfly on damage
  2194 | D:3      | XOM: mild Chrm miscast
  2202 | D:3      | Killed an orc warrior
  2202 | D:3      | Reached skill level 8 in Maces & Flails
  2202 | D:3      | Reached XP level 6. HP: 21/62 MP: 6/6
  2436 | D:3      | XOM: harmless Ice miscast
  2789 | D:4      | Found Munif's General Store.
  2812 | D:4      | Reached skill level 9 in Maces & Flails
  2828 | D:4      | HP: 3/62 [poisoned by a scorpion]
  2835 | D:4      | Bought a scroll of enchant weapon for 97 gold pieces
  3073 | D:4      | XOM: colour smoke trail
  3135 | D:4      | Got a vibrating copper ring
  3146 | D:4      | Identified the ring of Methy {+Inv rF- rN+ Int+6} (You found it on level 4 of the Dungeon)
  3170 | D:4      | XOM is BORED!
  3170 | D:4      | XOM: give mutations
  3170 | D:4      | Gained mutation: You are weak. (Str -2) [Xom's mischief]
  3170 | D:4      | Gained mutation: You are dopey. (Int -2) [Xom's mischief]
  3292 | D:4      | XOM: god gift: sedimented emerald potion
  3325 | D:4      | Found a blossoming altar of Fedhas.
  3325 | D:4      | Found a sacrificial altar of Ru.
  3474 | D:4      | Found Naoh's Assorted Antiques.
  3477 | D:4      | XOM: summons friendly shadow imp
  3484 | D:4      | Reached skill level 10 in Maces & Flails
  3484 | D:4      | Reached XP level 7. HP: 58/70 MP: 7/7
  3493 | D:4      | Bought a scroll of teleportation for 63 gold pieces
  3503 | D:4      | Bought a scroll labeled LEDIPPE VEGAC for 21 gold pieces
  3503 | D:4      | Bought a lumpy emerald potion for 18 gold pieces
  3746 | D:4      | Found Ziga's Jewellery Emporium.
  3787 | D:4      | XOM: destruction
  3941 | D:5      | Entered Level 5 of the Dungeon
  4094 | D:5      | XOM: give mutations
  4094 | D:5      | Gained mutation: You are agile. (Dex +2) [Xom's grace]
  4094 | D:5      | Gained mutation: You are somewhat resistant to further mutation. [Xom's grace]
  4094 | D:5      | Gained mutation: Your natural rate of healing is unusually fast. [Xom's grace]
  4235 | D:5      | XOM: harmless Trmt miscast
  4241 | D:5      | Reached skill level 11 in Maces & Flails
  4494 | D:5      | XOM: harmless Summ miscast
  4701 | D:5      | Reached XP level 8. HP: 50/79 MP: 8/8
  4710 | D:5      | XOM: confuse monster(s)
  4796 | D:5      | Gained mutation: You are very dopey. (Int -4) [potion of mutation]
  4828 | D:5      | Reached skill level 12 in Maces & Flails
  5082 | D:5      | XOM: harmless Air miscast
  5263 | D:6      | Found a deep blue altar of Sif Muna.
  5294 | D:6      | Found a staircase to the Ecumenical Temple.
  5352 | D:6      | XOM: harmless Hex miscast
  5510 | D:6      | Found a sparkling altar of Nemelex Xobeh.
  5608 | D:6      | XOM: enchant monster (good)
  5662 | D:6      | XOM: mild Chrm miscast
  5695 | D:7      | XOM: divination: detect items
  5727 | D:7      | Reached skill level 13 in Maces & Flails
  5747 | D:7      | Reached skill level 5 in Fighting
  6063 | D:7      | XOM: cast spell 'Spider Form'
  6147 | D:7      | XOM: potion effect (berserk rage)
  6368 | D:7      | XOM: divination: detect creatures
  6370 | D:7      | Reached XP level 9. HP: 89/89 MP: 9/9
  6382 | D:7      | XOM: fake destruction
  6718 | D:8      | XOM: vitrification
  6745 | D:8      | Found a shadowy altar of Dithmenos.
  6837 | D:8      | Noticed a queen ant
  6841 | D:8      | XOM: confuse monster(s)
  6843 | D:8      | XOM: blink monster(s)
  6986 | D:8      | XOM: noise
  7000 | D:8      | XOM: summons 4 friendly demons
  7219 | D:8      | Reached skill level 5 in Dodging
  7458 | D:8      | Reached XP level 10. HP: 96/107 MP: 10/10
  7468 | D:8      | Reached skill level 14 in Maces & Flails
  7479 | D:8      | XOM: enchant monster (bad)
  7729 | D:5      | XOM: harmless Divn miscast
  7830 | D:4      | Bought an uncursed ring of poison resistance for 260 gold pieces
  7983 | D:8      | Reached skill level 10 in Fighting
  8011 | D:8      | Banished a queen ant
  8120 | D:8      | XOM: summons friendly shadow imp
  8202 | D:8      | XOM: cast spell 'Ice Form'
  8222 | D:8      | XOM: silly message
  8377 | D:8      | XOM: harmless Summ miscast
  8440 | D:9      | XOM: silly message
  8521 | D:9      | XOM: harmless Hex miscast
  8754 | D:9      | XOM: cast spell 'Confusing Touch'
  8766 | D:9      | Noticed Erolcha
  8766 | D:9      | XOM: butterfly on damage
  8778 | D:9      | Killed Erolcha
  8778 | D:9      | Reached skill level 1 in Throwing
  8778 | D:9      | Reached XP level 11. HP: 55/123 MP: 11/11
  8898 | D:9      | XOM: harmless Trmt miscast
  8908 | D:9      | XOM: cast spell 'Necromutation'
  9026 | D:9      | Slain by an orc warrior

Vault maps used:
D:1:      minmay_arrival_plants_in_alcoves, serial_park_tiny_2
D:2:      grunt_temple_overflow_order_and_chaos_2, minmay_misc_feat_diagonals,
          uniq_robin
D:3:      lemuel_round_altar
D:4:      old_forge, gammafunk_temple_overflow_statue, first_bread,
          serial_shops, shop_coins, kennysheep_mini, shop_fountains
D:6:      kennysheep_little_box, minmay_temple_entry_from_below_b,
          nemelex_dance_club_becter
D:7:      wad_woods_tower
D:8:      grunt_dithmenos_smoke_and_mirrors, david_nohive_1, zaba_antful_of_joy
D:9:      lair_0_dummy, uniq_erolcha

Action                   |  1- 3 |  4- 6 |  7- 9 | 10-12 || total
-------------------------+-------+-------+-------+-------++-------
Melee: Mace              |     6 |   252 |   392 |   217 ||   867
       Unarmed           |       |       |     9 |    18 ||    27
Throw: Large rock        |       |       |       |     6 ||     6
Evoke: Wand              |       |       |       |     4 ||     4
  Use: Scroll            |       |    15 |    10 |       ||    25
       Potion            |       |     1 |     3 |       ||     4
 Stab: Sleeping          |       |     3 |     5 |       ||     8
       Paralysed         |       |     1 |     5 |     8 ||    14
       Petrifying        |       |     1 |       |     3 ||     4
       Confused          |       |       |     2 |       ||     2
       Distracted        |       |       |     1 |       ||     1
  Eat: Beef jerky        |       |     2 |     1 |       ||     3
       Chunk             |       |     1 |     8 |     3 ||    12
       Royal jelly       |       |     1 |       |       ||     1
       Bread ration      |       |     1 |       |     1 ||     2
       Meat ration       |       |       |     1 |     1 ||     2
